 Dungeon Sprint DCSS version 0.13-a0-2640-geebf78d (webtiles) character file.

359 Kae the Conjurer (level 4, -12/24 HPs)
             Began as a Tengu Fire Elementalist on Aug 6, 2013.
             Mangled by a boulder beetle (36 damage)
             ... in the Dungeon (Sprint II: "The Violet Keep of Menkaure").
             The game lasted 00:01:16 (444 turns).

Kae the Conjurer (Tengu Fire Elementalist)           Turns: 444, Time: 00:01:16

HP -12/24        AC  2     Str  9      XL: 4   Next: 67%
MP   5/11        EV 12     Int 16      God:
Gold 263         SH  0     Dex 14      Spells:  4 memorised,  1 level left

Res.Fire  : . . .   See Invis. : .   (no weapon)
Res.Cold  : . . .   Warding    : .   a - +0 robe
Life Prot.: . . .   Conserve   : .   (no shield)
Res.Poison: .       Res.Corr.  : .   (helmet restricted)
Res.Elec. : .       Clarity    : .   (no cloak)
Sust.Abil.: . .     Spirit.Shd : .   (no gloves)
Res.Mut.  : .       Prev.Telep.: +   (boots unavailable)
Res.Rott. : .       Flight     : .   (no amulet)
Saprovore : . . .                    (no ring)
                                     (no ring)

@: slightly resistant to hostile enchantments, fairly stealthy
A: beak, talons 3
a: no special abilities


You were in the Dungeon.
You were not hungry.

You visited 1 branch You collected 243 gold pieces.

Inventory:

Armour
 a - a +0 robe (worn)
Comestibles
 c - a bread ration
Scrolls
 i - a scroll of blinking
Potions
 e - a potion of heal wounds
 f - a potion of speed
 g - 2 potions of magic
Books
 b - a book of Flames

   Spells                             Type                      Level
   *Flame Tongue                      Conjuration/Fire             1
   *Throw Flame                       Conjuration/Fire             2
   *Conjure Flame                     Conjuration/Fire             3
   Inner Flame                        Hexes/Fire                   3
   *Sticky Flame                      Conjuration/Fire             4
   Fireball                           Conjuration/Fire             5


   Skills:
 - Level 2.1 Dodging
 - Level 2.0 Stealth
 + Level 4.0 Spellcasting
 * Level 8.1 Conjurations
 + Level 5.7 Fire Magic


You had one spell level left.
You knew the following spells:

 Your Spells              Type           Power        Failure   Level  Hunger
a - Flame Tongue          Conj/Fire      ####.        1%          1    None
b - Throw Flame           Conj/Fire      ####..       1%          2    ##.....
c - Conjure Flame         Conj/Fire      ####....     2%          3    ###....
d - Sticky Flame          Conj/Fire      ####....     12%         4    ####...


Dungeon Overview and Level Annotations

Branches:
Dungeon (1/1)

Altars:


Innate Abilities, Weirdness & Mutations

You have a beak for a mouth.
You have claws for feet.


Message History

The boulder beetle is lightly wounded.
Unknown command.
Casting: Flame Tongue
Confirm with . or Enter, or press ? or * to list all spells.
Aiming: Flame Tongue
Press: ? - help, Shift-Dir - straight line, f/p - boulder beetle
Aim: a boulder beetle (lightly wounded)
The flame hits the boulder beetle.
The boulder beetle appears unharmed.
The boulder beetle is lightly wounded.
Casting: Flame Tongue
Confirm with . or Enter, or press ? or * to list all spells.
Aiming: Flame Tongue
Press: ? - help, Shift-Dir - straight line, f/p - boulder beetle
Aim: a boulder beetle (flame, lightly wounded)
The flame hits the boulder beetle.
The boulder beetle appears unharmed.
The boulder beetle is lightly wounded.
The boulder beetle is engulfed in roaring flames.
The boulder beetle bites you!
Ouch! That really hurt!
You die...

## ## ##. .##
.B .. ### .#$
# #.###+# j##
##..##<##.j.#
+.##B@<%+#
##..##<##.#
#.###+# .#
### .$. #


nn#nn ##. .## ## ## You could see a boulder beetle.

Vanquished Creatures
  An agate snail (D)
  4 giant centipedes (D)
5 creatures vanquished.

Vanquished Creatures (others)
  A crocodile (D)
1 creature vanquished.

Grand Total: 6 creatures vanquished

Notes
Turn   | Place    | Note
--------------------------------------------------------------
     0 | D        | Kae, the Tengu Fire Elementalist, began the quest for the Orb.
     0 | D        | Reached XP level 1. HP: 10/10 MP: 3/3
     1 | D        | Noticed an agate snail
     1 | D        | Noticed an agate snail
     1 | D        | Noticed an agate snail
     9 | D        | Reached skill level 4 in Fire Magic
     9 | D        | Reached XP level 2. HP: 12/15 MP: 2/6
    14 | D        | Reached skill level 5 in Conjurations
    14 | D        | Reached XP level 3. HP: 17/19 MP: 1/8
    49 | D        | Killed a crocodile
   198 | D        | Noticed a boulder beetle
   198 | D        | Noticed a boulder beetle
   232 | D        | Learned a level 2 spell: Throw Flame
   236 | D        | Learned a level 3 spell: Conjure Flame
   242 | D        | Noticed a necrophage
   242 | D        | Noticed a necrophage
   242 | D        | Noticed a necrophage
   242 | D        | Noticed a necrophage
   264 | D        | Killed an agate snail
   264 | D        | Reached skill level 8 in Conjurations
   264 | D        | Reached skill level 5 in Fire Magic
   264 | D        | Reached XP level 4. HP: 10/24 MP: 1/11
   438 | D        | Learned a level 4 spell: Sticky Flame
   444 | D        | Mangled by a boulder beetle

Action                   |  1- 3 |  4- 6 || total
-------------------------+-------+-------++-------
Melee: Unarmed           |    17 |       ||    17
 Cast: Flame Tongue      |     9 |     3 ||    12
       Conjure Flame     |     1 |     1 ||     2
  Use: Potion            |     2 |       ||     2
